 Dungeon Crawl Stone Soup version 0.23-a0-636-g0ff6057 (webtiles) character file.

2268 Gorice the Basher (level 9, -2/57 HPs)
             Began as a Gargoyle Wanderer on Dec 28, 2018.
             Slain by a killer bee (3 damage)
             ... on level 7 of the Dungeon.
             The game lasted 00:25:55 (8411 turns).

Gorice the Basher (Gargoyle Wanderer)               Turns: 8411, Time: 00:25:57

Health: -2/57      AC: 19    Str: 18    XL:     9   Next: 38%
Magic:  10/10      EV:  7    Int: 15    God:
Gold:   289        SH:  0    Dex:  8    Spells: 10/10 levels left

rFire    . . .     SeeInvis +   a - +1 flail (holy)
rCold    . . .     Gourm    .   (no shield)
rNeg     + . .     Faith    .   q - +0 chain mail
rPois    ∞         Spirit   .   r - +1 helmet (curse)
rElec    +         Reflect  .   o - scarf {repulsion}
rCorr    .         Harm     .   (no gloves)
MR       .....                  (no boots)
Stlth    ..........             v - amulet of the acrobat
HPRegen  0.19/turn              i - ring of see invisible
MPRegen  0.12/turn              (no ring)

@: repel missiles
A: negative energy resistance 1, electricity resistance, unbreathing,
petrification resistance, rot immunity, AC +6
a: no special abilities


You were on level 7 of the Dungeon.
You were hungry.

You visited 1 branch of the dungeon, and saw 7 of its levels.

You collected 319 gold pieces.
You spent 30 gold pieces at shops.

Inventory:

Hand Weapons
 a - a +1 flail of holy wrath (weapon)
   (You took it off an orc on level 3 of the Dungeon)
 b - a +0 club
 w - a +1 hand axe
 y - a +2 hand axe of flaming
   (You took it off an orc on level 3 of the Dungeon)
Missiles
 u - 12 tomahawks (quivered)
 Y - 176 stones
Armour
 d - a +0 robe
 m - a +0 scale mail
 o - a scarf of repulsion (worn)
   (You found it on level 2 of the Dungeon)
 p - a +0 ring mail
 q - a +0 chain mail (worn)
 r - a cursed +1 helmet (worn)
Jewellery
 i - a ring of see invisible (left hand)
 v - an amulet of the acrobat (around neck)
Scrolls
 e - 2 scrolls of blinking
 j - a scroll of identify
 l - 8 scrolls of remove curse
 s - 3 scrolls of teleportation {!r}
 t - 2 scrolls of enchant weapon
 z - a scroll of fear {unknown}
 A - a scroll of fog
 E - a scroll of enchant armour
 F - a scroll of amnesia
Potions
 c - a potion of agility {!q}
 g - 2 potions of ambrosia
 h - 3 potions of curing
 k - 2 potions of flight
 n - a potion of heal wounds {!q}
 x - a potion of berserk rage
 B - a potion of brilliance {!q}
 C - a potion of mutation {!q}
Comestibles
 f - 16 rations


   Skills:
 + Level 7.0 Fighting
 * Level 8.6 Maces & Flails
 + Level 7.0 Armour
 - Level 1.1 Stealth
   Level 1.1 Shields
 - Level 1.0 Spellcasting
   Level 1.0 Necromancy
   Level 1.0 Translocations


You had 10 spell levels left.
You didn't know any spells.
Your spell library contained the following spells:

 Spells                   Type           Power        Failure   Level  Hunger
 Animate Skeleton         Necr           N/A          86%         1    ##.....
 Pain                     Necr           #...         86%         1    ##.....
 Corona                   Hex            #......      94%         1    ##.....
 Ensorcelled Hibernation  Hex/Ice        #.....       98%         2    ###....
 Regeneration             Chrm/Necr      #.........   99%         3    ####...
 Vampiric Draining        Necr           #.........   99%         3    ####...
 Confuse                  Hex            #.......     100%        3    ####...
 Dazzling Spray           Conj/Hex       #.....       100%        3    ####...
 Tukima's Dance           Hex            #.......     100%        3    ####...
 Animate Dead             Necr           N/A          100%        4    #####..


Dungeon Overview and Level Annotations

Branches:
Dungeon (7/15)
 Temple: D:4-7

Altars:
Cheibriados
Elyvilon
Gozag
Kikubaaqudgha
Nemelex Xobeh
Ru
Trog
Xom
Yredelemnul

Shops:
D:5 ?

Annotations:
D:2 1 runed door
D:6 UX: shafted here


Innate Abilities, Weirdness & Mutations

You are resistant to torment.
Your stone body is resilient. (AC +6)
You are immune to poison.
You resist negative energy. (rN+)
You are resistant to electric shocks. (rElec)
You can survive without breathing.
You are immune to petrification.
You are immune to rotting.


Message History

* * * LOW HITPOINT WARNING * * *
The killer bee closely misses you.
Damage: 1 (max 10)
You miss the killer bee.
The killer bee is almost dead.
The killer bee stings you but does no damage.
The killer bee stings you.
* * * LOW HITPOINT WARNING * * *
Damage: 4 (max 10)
You barely miss the killer bee.
The killer bee is almost dead.
The killer bee stings you but does no damage. x2
You hit the killer bee.
The killer bee is almost dead.
The killer bee stings you.
* * * LOW HITPOINT WARNING * * *
Damage: 3 (max 10)
You miss the killer bee.
The killer bee is almost dead.
The killer bee stings you.
* * * LOW HITPOINT WARNING * * *
The killer bee stings you but does no damage.
Damage: 2 (max 10)
You hit the killer bee but do no damage.
The killer bee is almost dead.
The killer bee stings you but does no damage.
The killer bee stings you.
* * * LOW HITPOINT WARNING * * *
Damage: 1 (max 10)
You hit the killer bee but do no damage.
The killer bee is almost dead.
The killer bee barely misses you.
The killer bee stings you but does no damage.
You miss the killer bee.
The killer bee is almost dead.
The killer bee stings you but does no damage.
The killer bee closely misses you.
You barely miss the killer bee.
The killer bee is almost dead.
The killer bee closely misses you. The killer bee completely misses you.
You closely miss the killer bee.
The killer bee is almost dead.
The killer bee completely misses you.
The killer bee stings you but does no damage.
You miss the killer bee.
The killer bee is almost dead.
The killer bee stings you.
* * * LOW HITPOINT WARNING * * *
The killer bee stings you.
You die...

..........##
#..........##
............#
............###
......†........
#......<#
##...##.# ##
#y# #@# #.# #.#
#.# #.# #.# #.#
#.#


You could see a killer bee.

Vanquished Creatures
  Sigmund (D:5)
  A hungry ghost (D:4)
  Menkaure (D:5)
  3 phantoms
  An eye of draining (D:4)
  A necrophage (D:7)
  3 ogres
  A centaur (D:6)
  A bullfrog (D:6)
  2 killer bees (D:7)
  3 jellies (D:6)
  A bullfrog zombie (D:6)
  3 hounds
  4 orc priests (D:3)
  A bullfrog skeleton (D:4)
  A centaur skeleton (D:7)
  4 orc wizards
  2 iguanas
  4 worker ants
  2 hound skeletons
  Robin (D:3)
  7 adders
  A gnoll (D:4)
  An ooze (D:1)
  An adder skeleton (D:3)
  4 worms (D:3)
  5 dart slugs
  3 leopard geckos
  20 orcs
  2 ball pythons (D:2)
  11 giant cockroaches
  13 goblins
  16 hobgoblins
  6 kobolds
  4 quokkas
  10 bats
  2 frilled lizards
  A giant cockroach zombie (D:5)
  A leopard gecko zombie (D:5)
  A quokka skeleton (D:6)
  A quokka zombie (D:6)
  11 rats
162 creatures vanquished.

Notes
Turn   | Place    | Note
-------+----------+-------------------------------------------
     0 | D:1      | Gorice the Gargoyle Wanderer began the quest for the Orb.
     0 | D:1      | Gorice set off with the following items: a +0 hand axe, a
                  | +0 robe, a ration; and the following spells available to
                  | memorise: Animate Skeleton, Pain, Vampiric Draining,
                  | Regeneration, Animate Dead
     0 | D:1      | Reached XP level 1. HP: 12/12 MP: 2/2
   430 | D:1      | Reached XP level 2. HP: 6/18 MP: 3/3
  1225 | D:1      | Reached XP level 3. HP: 19/22 MP: 4/4
  1243 | D:1      | Reached skill level 2 in Maces & Flails
  2034 | D:2      | Found an ancient bone altar of Kikubaaqudgha.
  2064 | D:2      | Reached skill level 3 in Fighting
  2162 | D:2      | Reached skill level 3 in Armour
  2162 | D:2      | Reached XP level 4. HP: 14/28 MP: 5/5
  2189 | D:2      | Found a runed door.
  2189 | D:2      | Noticed a human
  2193 | D:2      | Found a basalt altar of Yredelemnul.
  2423 | D:2      | Found a white marble altar of Elyvilon.
  3071 | D:3      | Reached skill level 3 in Maces & Flails
  3305 | D:3      | Reached XP level 5. HP: 28/32 MP: 6/6
  3390 | D:3      | HP: 8/32 [worm (3)]
  3749 | D:3      | Noticed Robin
  3776 | D:3      | Killed Robin
  3922 | D:3      | You fall through a shaft for 3 floors!
  3923 | D:6      | Found a shimmering altar of Xom.
  3923 | D:6      | Found a shimmering altar of Xom.
  3960 | D:6      | Reached skill level 4 in Maces & Flails
  3960 | D:6      | Reached XP level 6. HP: 32/38 MP: 7/7
  4011 | D:6      | Found a shimmering altar of Xom.
  4012 | D:6      | Found a shimmering altar of Xom.
  4013 | D:6      | Found a shimmering altar of Xom.
  4013 | D:6      | Found a shimmering altar of Xom.
  4014 | D:6      | Noticed Sigmund
  4038 | D:5      | Entered Level 5 of the Dungeon
  4132 | D:5      | Reached skill level 4 in Fighting
  4132 | D:5      | Reached skill level 4 in Armour
  4972 | D:3      | Reached XP level 7. HP: 43/44 MP: 8/8
  5203 | D:3      | Reached skill level 5 in Maces & Flails
  5623 | D:4      | Found a sparkling altar of Nemelex Xobeh.
  5680 | D:4      | Reached skill level 5 in Armour
  5716 | D:4      | Noticed a hungry ghost
  5733 | D:4      | Killed a hungry ghost
  5733 | D:4      | Reached skill level 5 in Fighting
  5733 | D:4      | Reached skill level 6 in Maces & Flails
  5733 | D:4      | Reached XP level 8. HP: 47/49 MP: 9/9
  6265 | D:4      | Found a bloodstained altar of Trog.
  6496 | D:5      | Noticed Menkaure
  6506 | D:5      | Killed Menkaure
  6506 | D:5      | Reached skill level 7 in Maces & Flails
  6669 | D:5      | Reached skill level 6 in Fighting
  6669 | D:5      | Reached skill level 6 in Armour
  6811 | D:5      | Found Hinaez Jauge's Magic Scroll Boutique.
  6814 | D:5      | Bought a scroll of fog for 30 gold pieces
  7170 | D:5      | Found a sacrificial altar of Ru.
  7345 | D:5      | Killed Sigmund
  7345 | D:5      | Reached XP level 9. HP: 32/56 MP: 10/10
  7550 | D:6      | Reached skill level 8 in Maces & Flails
  7713 | D:6      | Found a snail-covered altar of Cheibriados.
  7728 | D:6      | Found an opulent altar of Gozag.
  8347 | D:7      | Reached skill level 7 in Armour
  8381 | D:7      | Reached skill level 7 in Fighting
  8387 | D:7      | HP: 15/57 [killer bee (6)]
  8389 | D:7      | HP: 7/57 [killer bee (3)]
  8401 | D:7      | HP: 12/57 [killer bee (1)]
  8404 | D:7      | HP: 5/57 [killer bee (4)]
  8406 | D:7      | HP: 2/57 [killer bee (1)]
  8411 | D:7      | HP: 1/57 [killer bee (2)]
  8411 | D:7      | Slain by a killer bee

Vault maps used:
D:1:      evilmike_arrival_rings
D:2:      minmay_diamond_boxcup, old_standard_altar, kiku_gazebo_pond_becter,
          dk_yredelemnul_ordeal
D:3:      minmay_fractal_squares_diagonal_5, uniq_robin
D:4:      trog_eyes_of_draining, nemelex_diamond_rough_becter
D:5:      serial_co_window_serial, co_window_corner_a, co_window_paths_b,
          co_window_paths_a, co_window_corner_a, co_window_paths_b,
          co_window_corner_a, co_window_2corner, co_window_unsneaky_path_e,
          co_window_of_opportunity_c, co_window_broadway_c, co_window_corner_b,
          co_window_paths_d, glass_columns_a, first_ration, serial_shops,
          nicolae_shop_behind_doors, nicolae_ru_path_of_blood, uniq_menkaure
D:6:      cheibriados_altar_1, nicolae_gozag_seed_capital, kennysheep_diamond,
          xom_redecorated, uniq_sigmund
D:7:      nicolae_tso_carved_into_rock, minmay_temple_entry_crystal_x,
          gup_ossuary_entry_pyramid, enter_bailey_2, uniq_pikel, uniq_joseph

Skill      XL: |  1  2  3  4  5  6  7  8  9 |
---------------+----------------------------+-----
Maces & Flails | 2 3 4 6 7 8 |  8.6
Fighting       | 3 4 5 6 7 |  7.0
Armour         | 3 4 5 6 7 |  7.0
Stealth        | |  1.1
Shields        | |  1.1
Spellcasting   | |  1.0
Necromancy     | |  1.0
Translocations | |  1.0

Action                   |  1- 3 |  4- 6 |  7- 9 || total
-------------------------+-------+-------+-------++-------
Melee: Hand axe          |   148 |   312 |       ||   460
       Flail             |       |     9 |   368 ||   377
Throw: Stone             |     4 |     6 |       ||    10
       Tomahawk          |       |       |    17 ||    17
  Use: Scroll            |     6 |     4 |     8 ||    18
       Potion            |       |     1 |     1 ||     2
 Stab: Sleeping          |     2 |       |       ||     2
  Eat: Chunk             |     4 |    10 |    13 ||    27
Armor: Robe              |    44 |       |       ||    44
       Ring mail         |     6 |    12 |       ||    18
       Scale mail        |       |    53 |       ||    53
       Chain mail        |       |   185 |   241 ||   426
Dodge: Dodged            |   105 |   162 |   177 ||   444
       Deflected         |       |     4 |     6 ||    10

Table legend:
 A = Non-vault XP
 B = Vault XP
 C = Vault XP percentage of total XP
 D = Non-vault monster count
 E = Vault monster count
 F = Vault count percentage of total count
                 A         B        C        D         E       F
            +---------+---------+-------+---------+---------+-------
      Total |    2628 |     613 |  18.9 |     133 |      29 |  17.9
            +---------+---------+-------+---------+---------+-------
        D:1 |      45 |       0 |   0.0 |      22 |       0 |   0.0
        D:2 |     114 |      15 |  11.6 |      21 |       9 |  30.0
        D:3 |     385 |      44 |  10.3 |      34 |      13 |  27.7
        D:4 |     705 |     142 |  16.8 |      20 |       4 |  16.7
        D:5 |     414 |     410 |  49.8 |      11 |       2 |  15.4
        D:6 |     676 |       2 |   0.3 |      20 |       1 |   4.8
        D:7 |     289 |       0 |   0.0 |       5 |       0 |   0.0
            +---------+---------+-------+---------+---------+-------

Table legend:
 A = Turns spent in this place as a percentage of turns spent in the entire game.
 B = Non-inter-level travel turns spent in this place as a percentage of non-inter-level travel turns spent in the entire game.
 C = Inter-level travel turns spent in this place as a percentage of turns spent in this place.
 D = Turns resting spent in this place as a percentage of non-inter-level travel turns spent in this place.
 E = Turns spent auto-exploring this place as a percentage of non-inter-level travel turns spent in this place.
 F = Non-inter-level travel turns spent in this place divided by the number of levels of this place that you've seen.
                   A       B       C       D       E      F
               +-------+-------+-------+-------+-------+----------------------
         Total | 100.0 | 100.0 |   3.1 |  29.7 |  41.8 | 1164.6
       Dungeon | 100.0 | 100.0 |   3.1 |  29.7 |  41.8 | 1164.6
               +-------+-------+-------+-------+-------+----------------------

Vault maps used:
D:1:      evilmike_arrival_rings
D:2:      minmay_diamond_boxcup, old_standard_altar, kiku_gazebo_pond_becter,
          dk_yredelemnul_ordeal
D:3:      minmay_fractal_squares_diagonal_5, uniq_robin
D:4:      trog_eyes_of_draining, nemelex_diamond_rough_becter
D:5:      serial_co_window_serial, co_window_corner_a, co_window_paths_b,
          co_window_paths_a, co_window_corner_a, co_window_paths_b,
          co_window_corner_a, co_window_2corner, co_window_unsneaky_path_e,
          co_window_of_opportunity_c, co_window_broadway_c, co_window_corner_b,
          co_window_paths_d, glass_columns_a, first_ration, serial_shops,
          nicolae_shop_behind_doors, nicolae_ru_path_of_blood, uniq_menkaure
D:6:      cheibriados_altar_1, nicolae_gozag_seed_capital, kennysheep_diamond,
          xom_redecorated, uniq_sigmund
D:7:      nicolae_tso_carved_into_rock, minmay_temple_entry_crystal_x,
          gup_ossuary_entry_pyramid, enter_bailey_2, uniq_pikel, uniq_joseph
